 Dungeon Crawl Stone Soup version 0.21-a0-508-gf08a75f (webtiles) character file.

168 slep the Covered (level 5, 0/41 HPs)
             Began as a Demonspawn Fighter on Nov 29, 2017.
             Slain by a worker ant (2 damage)
             ... on level 6 of the Dungeon.
             The game lasted 00:07:19 (1973 turns).

slep the Covered (Demonspawn Fighter)               Turns: 1973, Time: 00:07:20

Health: 0/41       AC:  8    Str: 16    XL:     5   Next: 24%
Magic:  5/5        EV:  7    Int: 10    God:
Gold:   115        SH:  9    Dex: 13    Spells: 4/4 levels left

rFire    . . .     SeeInvis .   a - +0 trident
rCold    . . .     Gourm    .   c - +0 shield
rNeg     . . .     Faith    .   b - +0 scale mail
rPois    .         Spirit   .   (no helmet)
rElec    .         Reflect  .   (no cloak)
rCorr    .         Harm     .   (no gloves)
MR       .....                  (no boots)
Stlth    ..........             (no amulet)
HPRegen  0.13/turn              (no ring)
MPRegen  0.09/turn              (no ring)

@: about to teleport, flying
A: hooves 2, thin metallic scales 1
a: no special abilities


You were on level 6 of the Dungeon.
You were not hungry.

You visited 1 branch of the dungeon, and saw 4 of its levels.

You collected 115 gold pieces.

Inventory:

Hand Weapons
 a - a +0 trident (weapon)
Armour
 b - a +0 scale mail (worn)
 c - a +0 shield (worn)
Wands
 o - a wand of random effects (20)
Scrolls
 e - a scroll of enchant weapon {unknown}
 g - 2 scrolls of remove curse
 h - 3 scrolls of identify
 l - a scroll of random uselessness {unknown}
 n - a scroll of noise {unknown}
 p - a scroll of enchant armour {unknown}
 q - a scroll of fog {unknown}
 s - a scroll of magic mapping {unknown}
Potions
 d - a potion of might
 t - a potion of haste {unknown}
Comestibles
 f - 4 bread rations
 k - 4 meat rations
 m - a royal jelly


   Skills:
 + Level 3.3 Fighting
 + Level 3.0 Polearms
 + Level 3.5 Armour
 + Level 1.4 Dodging
 + Level 0.1 Stealth
 + Level 3.4 Shields


You had 4 spell levels left.
You didn't know any spells.

Dungeon Overview and Level Annotations

Branches:
Dungeon (3/15)

Altars:
Cheibriados
Kikubaaqudgha
Vehumet
Xom


Innate Abilities, Weirdness & Mutations

You have hoof-like feet.
You are partially covered in thin metallic scales. (AC +2)


Message History

It was a potion of flight.
You feel very buoyant.
You fly up into the air.
* * * LOW HITPOINT WARNING * * *
You feel sick. The adder completely misses you. The worker ant bites you.
* * * LOW HITPOINT WARNING * * *
It was a potion of curing.
You feel better. The adder bites you but does no damage.
You block the worker ant's attack.
As you read the scroll labeled NOYMIE ZOGIH, it crumbles to dust.
It is a scroll of identify.
g - 2 scrolls of remove curse The adder barely misses you.
The worker ant bites you.
* * * LOW HITPOINT WARNING * * *
The hobgoblin hits you.
* * * LOW HITPOINT WARNING * * *
You block the orc's attack. The orc barely misses you.
As you read the scroll labeled CASTRU HIUN, it crumbles to dust.
You feel strangely unstable.
It was a scroll of teleportation.
You block the adder's attack. The worker ant bites you.
You die...

.# .#.# #... ##...##
..o.#..=#
######..#..
#.......# #.......[#
#.#._.#.###...5oo..#
#......[......OS@..#
....#..........ag..#
...................#
...........$.......#
.........$...#######
.............#
.............#
............##
...........##


You could see a two-headed ogre, a worker ant, a crimson imp, an adder, 2 orcs
and a hobgoblin.

Vanquished Creatures
  A hound (D:3)
  7 adders
  A worm (D:2)
  A dart slug (D:2)
  3 leopard geckos
  An orc (D:3)
  11 bats
  2 giant cockroaches
  5 goblins
  9 hobgoblins
  10 kobolds
  2 quokkas (D:2)
  2 frilled lizards
  15 rats
70 creatures vanquished.

Notes
Turn   | Place    | Note
-------+----------+-------------------------------------------
     0 | D:1      | slep the Demonspawn Fighter began the quest for the Orb.
     0 | D:1      | Reached XP level 1. HP: 18/18 MP: 1/1
   114 | D:1      | Gained mutation: You have large cloven feet. [demonic ancestry]
   114 | D:1      | Reached XP level 2. HP: 22/24 MP: 2/2
   536 | D:2      | Gained mutation: You have hoof-like feet. [demonic ancestry]
   536 | D:2      | Reached XP level 3. HP: 28/29 MP: 3/3
   647 | D:2      | Found a snail-covered altar of Cheibriados.
   748 | D:2      | Reached XP level 4. HP: 11/35 MP: 4/4
   763 | D:2      | Reached skill level 1 in Dodging
  1719 | D:3      | Found an ancient bone altar of Kikubaaqudgha.
  1737 | D:3      | Found a shimmering altar of Xom.
  1851 | D:3      | Gained mutation: You are partially covered in thin metallic scales. (AC +2) [demonic ancestry]
  1851 | D:3      | Reached XP level 5. HP: 22/41 MP: 5/5
  1929 | D:3      | You fall through a shaft for 3 floors!
  1929 | D:6      | Noticed a two-headed ogre
  1953 | D:6      | Found a radiant altar of Vehumet.
  1970 | D:6      | HP: 2/41 [poisoned by a worker ant]
  1973 | D:6      | Slain by a worker ant

Vault maps used:
D:1:      mushboom_english_gardens, minmay_rat_gold_closets
D:2:      lemuel_coloured_pillars_altar, first_bread
D:3:      lemuel_doored_altar, xom_butterflies
D:6:      grunt_dithmenos_smoke_and_mirrors, vehumet_altar_wand_db,
          grunt_decor_mini_mirrors

Skill      XL: |  1  2  3  4 |
---------------+-------------+-----
Shields        | 3 |  3.4
Armour         | 3 |  3.5
Polearms       | 2 3 |  3.0
Dodging        | 1 |  1.4
Fighting       | |  3.3
Stealth        | |  0.1

Action                   |  1- 3 |  4- 6 || total
-------------------------+-------+-------++-------
Melee: Trident           |   120 |    79 ||   199
       Kick              |    23 |    19 ||    42
  Use: Scroll            |       |     2 ||     2
       Potion            |       |     2 ||     2
  Eat: Chunk             |       |     4 ||     4
Armor: Scale mail        |    63 |    35 ||    98
Dodge: Dodged            |    33 |    26 ||    59
Block: Shield            |    51 |    46 ||    97

Table legend:
 A = Spawn XP
 B = Non-spawn XP
 C = Spawn XP percentage of total XP
 D = Spawn monster count
 E = Non-spawn monster count
 F = Spawn count percentage of total count
 G = Total turns spent on level
                    A         B        C        D         E        F      G
               +---------+---------+-------+---------+---------+-------+---------
         Total |       0 |     241 |   0.0 |       0 |      70 |   0.0 |  1973
               +---------+---------+-------+---------+---------+-------+---------
           D:1 |       0 |      34 |   0.0 |       0 |      25 |   0.0 |   519
           D:2 |       0 |      87 |   0.0 |       0 |      28 |   0.0 |   928
           D:3 |       0 |     120 |   0.0 |       0 |      17 |   0.0 |   482
               +---------+---------+-------+---------+---------+-------+---------
